 Dungeon Crawl Stone Soup version 0.31-a0-672-g7da72447bb (webtiles) character file.

Game seed: 3983577767368746638

8118 AiryTheDragon the Cudgeller (level 11, -6/64 HPs)
             Began as a Gargoyle Fighter on Sept 2, 2023.
             Mangled by a two-headed ogre
             ... wielding a +0 giant spiked club
              (14 damage)
             ... on level 10 of the Dungeon on Sept 4, 2023.
             The game lasted 01:46:48 (9226 turns).

AiryTheDragon the Cudgeller (Gargoyle Fighter)      Turns: 9226, Time: 01:46:49

Health: -6/64      AC: 19    Str: 20    XL:     11   Next: 25%
Magic:  7/19       EV: 10    Int: 11    God:
Gold:   1718       SH:  5    Dex: 14    Spells: 2/21 levels left

rFire   + + +        q - +5 mace "Dragon's Tongue" {spect, rF+++ rC- rCorr Dex+3}
rCold   x . .        c - +0 buckler
rNeg    + . .        b - +3 scale mail
rPois   ∞            e - +1 hat
rElec   +            (no cloak)
rCorr   +            (no gloves)
SInv    .            (no boots)
Will    .....        (no amulet)
Stlth   ++           (no ring)
HPRegen 0.30/turn    (no ring)
MPRegen 0.16/turn

%: no passive effects
@: freezing walls, very slightly contaminated
A: sickness immunity, AC +8, negative energy resistance 1, electricity
resistance, torment resistance 1, petrification resistance
a: no special abilities


You were on level 10 of the Dungeon.
You visited 2 branches of the dungeon, and saw 11 of its levels.
You also visited: Bailey.

You collected 1718 gold pieces.

Inventory:

Hand Weapons
 a - a +4 short sword
 h - a +3 short sword
 q - the +5 mace "Dragon's Tongue" (weapon) {spect, rF+++ rC- rCorr Dex+3}
   (You found it on level 4 of the Dungeon)

   Dex+3:     It affects your dexterity (+3).
   rF+++:     It renders you almost immune to fire.
   rC-:       It makes you vulnerable to cold.
   rCorr:     It protects you from acid and corrosion.
 u - a +1 dagger of draining
 w - a +2 dagger of venom
 B - a +0 dagger of holy wrath
 C - the +9 battleaxe "Cyliq" {speed, rC+}
   (You found it in a bailey)

   rC+:       It protects you from cold.
 D - a +0 halberd of protection
Missiles
 n - 24 poisoned darts
 o - 18 boomerangs
 E - 4 atropa-tipped darts
Armour
 b - a +3 scale mail (worn)
 c - a +0 buckler (worn)
 e - a +1 hat (worn)
Magical Staves
 m - a staff of death
Talismans
 v - a blade talisman
Scrolls
 f - a scroll of vulnerability {unknown}
 i - a scroll of teleportation {unknown}
 l - 3 scrolls of amnesia
 t - 3 scrolls of fog
 x - 2 scrolls of butterflies
 y - 4 scrolls of revelation
Potions
 d - 2 potions of might
 g - a potion of attraction
 j - 4 potions of enlightenment
 k - a potion of curing
 p - 2 potions of cancellation
 r - a potion of mutation {unknown}
 s - a potion of haste
 z - a potion of resistance {unknown}
 A - a potion of ambrosia {unknown}


   Skills:
 + Level 6.0 Fighting
 + Level 7.6 Maces & Flails
 + Level 1.0 Throwing
 + Level 6.7 Armour
 + Level 2.5 Dodging
 + Level 7.0 Stealth
 + Level 5.1 Shields
 + Level 5.5 Spellcasting
 * Level 2.7 Conjurations
 + Level 4.5 Summonings
 * Level 2.4 Transmutations
 + Level 5.1 Ice Magic
 * Level 1.9 Poison Magic
 * Level 2.4 Evocations


You had 2 spell levels left.
You knew the following spells:

 Your Spells              Type           Power      Damage    Failure   Level
a - Call Imp              Summ           26%        N/A       16%         2
b - Frozen Ramparts       Ice            28%        1d5       24%         3
c - Mephitic Cloud        Conj/Pois/Air  6%         N/A       71%         3
d - Agony                 Necr           3%         N/A       100%        5
e - Wereblood             Tmut           8%         N/A       36%         2
f - Olgreb's Toxic Radia  Pois           7%         N/A       96%         4

Your spell library contained the following spells:

 Spells                   Type           Power      Damage    Failure   Level
 Summon Small Mammal      Summ           52%        N/A       10%         1
 Magic Dart               Conj           36%        1d4       22%         1
 Sting                    Tmut/Pois      28%        1d4       26%         1
 Apportation              Tloc           6%         N/A       54%         1
 Necrotise                Necr           12%        1d4       54%         1
 Poisonous Vapours        Pois/Air       10%        N/A       54%         2
 Vampiric Draining        Necr           3%         2d6       88%         3
 Petrify                  Tmut/Erth      5%         N/A       98%         4
 Vhi's Electric Charge    Tloc/Air       6%         N/A       99%         4
 Irradiate                Conj/Tmut      4%         3d13      99%         5
 Metabolic Englaciation   Hex/Ice        4%         N/A       99%         5
 Arcjolt                  Conj/Air       3%         1d13      100%        5
 Summon Forest            Summ/Tloc      4%         N/A       100%        5
 Summon Mana Viper        Hex/Summ       8%         N/A       100%        5
 Summon Cactus Giant      Summ           6%         N/A       100%        6
 Maxwell's Capacitive Co  Air            1%         ∞         100%        8


Dungeon Overview and Level Annotations

Branches:
Dungeon (10/15)            Temple (1/1) D:7             Orc (0/2) D:9
 Bailey (visited)
   Lair: D:8-11

Altars:
Ashenzari
Cheibriados
Dithmenos
Elyvilon
Fedhas
Gozag
Hepliaklqana
Kikubaaqudgha
Makhleb
Nemelex Xobeh
Okawaru
Qazlal
Ru
Sif Muna
Trog
Uskayaw
Vehumet
Wu Jian
Xom
Yredelemnul
Zin
The Shining One

Shops:
D:6 (

Annotations:
D:9 1 runed translucent door
D:10 1 transporter


Innate Abilities, Weirdness & Mutations

You are immune to sickness and miasma.
Your stone body is resilient. (AC +8)
You are immune to poison.
You resist negative energy. (rN+)
You are resistant to electric shocks. (rElec)
You are resistant to unholy torment.
You are immune to petrification.


Message History

Confirm with . or Enter, or press ? or * to list all spells.
Casting: Frozen Ramparts (dangerous; 24% risk of failure)
Press: ? - help, Dir - look around, f - activate You miscast Frozen Ramparts.
Nothing appears to happen.
The two-headed ogre misses you. The two-headed ogre closely misses you.
Your cerulean imp hits the two-headed ogre but does no damage.
Unknown command.
Casting: Frozen Ramparts (dangerous; 24% risk of failure)
Confirm with . or Enter, or press ? or * to list all spells.
Casting: Frozen Ramparts (dangerous; 24% risk of failure)
Press: ? - help, Dir - look around, f - activate The walls around you are covered in ice.
Your cerulean imp hits the two-headed ogre with a -3 spear.
You barely miss the two-headed ogre.
The two-headed ogre is lightly wounded.
Your +5 mace "Dragon's Tongue" {spect, rF+++ rC- rCorr Dex+3} hits the two-headed ogre!
The wall freezes the two-headed ogre.
The two-headed ogre hits you with a +0 giant spiked club!
The two-headed ogre hits you but does no damage.
Your cerulean imp hits the two-headed ogre but does no damage.
You sock the two-headed ogre!
The two-headed ogre is heavily wounded.
Your +5 mace "Dragon's Tongue" {spect, rF+++ rC- rCorr Dex+3} hits the two-headed ogre but does no damage.
The wall freezes the two-headed ogre.
The two-headed ogre hits you with a +0 giant spiked club.
The two-headed ogre hits you with a +0 giant club!
* * * LOW HITPOINT WARNING * * *
Your cerulean imp hits the two-headed ogre with a -3 spear.
You hit the two-headed ogre.
The two-headed ogre is heavily wounded.
Your +5 mace "Dragon's Tongue" {spect, rF+++ rC- rCorr Dex+3} hits the two-headed ogre.
Your cerulean imp closely misses the two-headed ogre.
You hit the two-headed ogre.
The two-headed ogre is severely wounded.
Your +5 mace "Dragon's Tongue" {spect, rF+++ rC- rCorr Dex+3} barely misses the two-headed ogre.
The wall freezes the two-headed ogre.
The two-headed ogre hits you with a +0 giant spiked club!
* * * LOW HITPOINT WARNING * * *
The two-headed ogre hits you with a +0 giant club!
You die...

......#....#..##
._.........#....
...###.....#....# ..##
#.....#....######### ..#
#.....#.............
..####.....#.............
#..........#.....5.......
.....#.....#....(O.......
....<#.....#....@###+#$..
##..)#.....#.....#
#...#######.....#
+...............+
#...............##
#...................
#...................
#....(.#'#######.....
........#.......#.....


You could see a two-headed ogre (ally target), a friendly +5 mace "Dragon's
Tongue" {spect, rF+++ rC- rCorr Dex+3} and a friendly cerulean imp (summoned).

Vanquished Creatures
  Gastronok (D:8)
  A centaur warrior (D:9)
  A komodo dragon (D:9)
  Sigmund (D:2)
  A wraith (D:9)
  3 wyverns
  2 vampires
  4 yaks (D:8)
  An acid dragon (D:10)
  A water moccasin (D:8)
  6 orc warriors
  A black bear (D:5)
  2 sky beasts (D:7)
  An ogre (D:5)
  2 centaurs (D:9)
  2 phantoms
  2 kobold brigands
  2 bullfrogs (D:7)
  12 scorpions
  A gnoll sergeant (D:10)
  9 killer bees (D:9)
  2 howler monkeys
  3 hounds
  3 orc priests
  2 jellies
  2 sleepcaps
  A gnoll bouda (D:5)
  4 iguanas
  7 orc wizards
  12 adders
  9 gnolls
  2 shadow imps
  3 white imps
  An ufetubus (D:7)
  2 worms
  2 dart slugs (D:1)
  27 orcs
  7 bats
  A bat zombie (D:5)
  7 endoplasms
  7 giant cockroaches
  9 goblins
  11 hobgoblins
  3 jackals (D:3)
  20 kobolds
  3 quokkas
  6 ball pythons
  A frilled lizard (D:1)
  5 rats
  A rat zombie (D:5)
  A butterfly (D:9)
220 creatures vanquished.

Vanquished Creatures (collateral kills)
  A two-headed ogre (D:9)
  A shadow (D:10)
  A butterfly (D:9)
3 creatures vanquished.

Grand Total: 223 creatures vanquished

Notes
Turn   | Place    | Note
-------+----------+-------------------------------------------
     0 | D:1      | AiryTheDragon the Gargoyle Fighter began the quest for the
                  | Orb.
     0 | D:1      | Reached XP level 1. HP: 14/14 MP: 1/1
   239 | D:1      | Reached XP level 2. HP: 19/19 MP: 2/2
   395 | D:1      | Reached skill level 1 in Stealth
   409 | D:1      | Reached XP level 3. HP: 24/24 MP: 3/3
  1076 | D:2      | Noticed Sigmund
  1100 | D:1      | Reached XP level 4. HP: 18/29 MP: 4/4
  1223 | D:2      | Learned a level 2 spell: Call Imp
  1425 | D:2      | Killed Sigmund
  1426 | D:2      | Reached skill level 1 in Spellcasting
  1426 | D:2      | Reached skill level 1 in Summonings
  1426 | D:2      | Reached XP level 5. HP: 33/33 MP: 4/6
  1426 | D:2      | Reached XP level 6. HP: 38/38 MP: 4/7
  1472 | D:2      | Learned a level 3 spell: Frozen Ramparts
  1800 | D:3      | Reached skill level 1 in Dodging
  1854 | D:3      | Found a glowing golden altar of the Shining One.
  2076 | D:3      | Found a radiant altar of Vehumet.
  2707 | D:4      | Identified the +5 mace "Dragon's Tongue" {spect, rF+++ rC-
                  | rCorr Dex+3}
  2752 | D:4      | Reached XP level 7. HP: 43/43 MP: 9/9
  2799 | D:4      | Reached skill level 1 in Ice Magic
  2842 | D:4      | Found a hide-covered altar of Uskayaw.
  3419 | D:5      | Entered Level 5 of the Dungeon
  3878 | D:5      | Reached XP level 8. HP: 48/48 MP: 11/11
  3938 | D:5      | Reached skill level 5 in Fighting
  4112 | D:5      | Found an ancient bone altar of Kikubaaqudgha.
  4474 | D:6      | Reached skill level 5 in Maces & Flails
  4516 | D:6      | Found Lidiewilo's Weapon Boutique.
  4575 | D:6      | Reached skill level 5 in Armour
  4692 | D:6      | Found a shimmering altar of Xom.
  5421 | D:7      | Reached XP level 9. HP: 54/54 MP: 9/13
  5526 | D:7      | Found a staircase to the Ecumenical Temple.
  5535 | Temple   | Entered the Ecumenical Temple
  5593 | D:7      | Found a flagged portal.
  5603 | Bailey   | Entered a bailey
  5829 | Bailey   | Reached skill level 5 in Stealth
  5833 | Bailey   | Learned a level 3 spell: Mephitic Cloud
  5839 | Bailey   | Learned a level 5 spell: Agony
  5943 | Bailey   | Identified the +9 battleaxe "Cyliq" {speed, rC+}
  6128 | D:7      | Found a burning altar of Makhleb.
  6808 | D:8      | Noticed Gastronok
  6832 | D:8      | Killed Gastronok
  6833 | D:8      | Reached skill level 5 in Shields
  6833 | D:8      | Reached skill level 1 in Evocations
  6833 | D:8      | Reached XP level 10. HP: 44/60 MP: 10/16
  7500 | D:9      | Learned a level 2 spell: Wereblood
  7501 | D:9      | Noticed a centaur warrior
  7513 | D:9      | Killed a centaur warrior
  7514 | D:9      | Reached skill level 1 in Conjurations
  7768 | D:9      | Found a runed translucent door.
  7770 | D:9      | Found a runed translucent door.
  7798 | D:9      | Reached skill level 1 in Transmutations
  7885 | D:9      | Noticed a two-headed ogre
  7890 | D:9      | Killed a two-headed ogre
  7897 | D:9      | Reached skill level 5 in Spellcasting
  7900 | D:9      | Reached skill level 5 in Ice Magic
  7900 | D:9      | Reached XP level 11. HP: 57/64 MP: 12/18
  8152 | D:8      | Upgraded the game from 0.31-a0-662-g684573625c to
                  | 0.31-a0-672-g7da72447bb
  8260 | D:9      | Found an ornate altar of the Wu Jian Council.
  8269 | D:9      | Found an opulent altar of Gozag.
  8401 | D:9      | Learned a level 4 spell: Olgreb's Toxic Radiance
  8417 | D:9      | Reached skill level 1 in Throwing
  8581 | D:9      | Reached skill level 1 in Poison Magic
  8722 | D:9      | Found a staircase to the Orcish Mines.
  8795 | D:10     | Entered Level 10 of the Dungeon
  8795 | D:10     | Found a transporter.
  8803 | D:10     | Found an iron altar of Okawaru.
  9215 | D:10     | Noticed a two-headed ogre
  9226 | D:10     | Mangled by a two-headed ogre

Illustrated notes

Levels and vault maps discovered:
D:1:      minmay_arrival_doors, layout_loops_cross, serial_aquarium,
          aquarium_bridge_straight [aquarium_subvault_bridge,
          aquarium_subvault_balcony, aquarium_subvault_bridge,
          aquarium_subvault_wall], aquarium_bridge_straight
          [aquarium_subvault_bridge, aquarium_subvault_window,
          aquarium_subvault_bridge, aquarium_subvault_wall], aquarium_window_1,
          aquarium_window_2, aquarium_window_corridor_3, aquarium_view_2e,
          aquarium_balcony_3b, aquarium_pool_S, minmay_tetromino_l4
D:2:      layout_rooms, uniq_sigmund
D:3:      cheibrodos_helix_gallery, layout_loops_ring,
          overflow_temple_1_default, fiery_altar_vehumet,
          kennysheep_generic_room_10
D:4:      layout_cave_pods, kennysheep_little_box
D:5:      layout_basic, lemuel_zombie_altar_kikubaaqudgha, minmay_misc_feat_iff,
          st_stairs_10, corexii_checkpoint_a
D:6:      layout_loops_ring, marbit_many_paths, serial_shops,
          nicolae_shop_temple_entry_statues_fountains
D:7:      layout_gridville, makhleb_heckhound_becter,
          minmay_temple_entry_sparse_star, enter_bailey_2,
          dreamdust_princess_bridge, kennysheep_generic_room_4
D:8:      layout_gridville, lemuel_flame_loot_1, uniq_gastronok
D:9:      lemuel_insect_pit, layout_rooms, lemuel_crystal_altar,
          mainiacjoe_overflow_concentric_impassable, orc_0_dummy,
          columned_hall_lemuel
D:10:     layout_irregular_city, nicolae_overflow_crystal_walls,
          gammafunk_ghost_stat_death, kennysheep_pointless_box
Temple:   cyrus_circular_temple

Skill      XL: |  1  2  3  4  5  6  7  8  9 10 11 |
---------------+----------------------------------+-----
Stealth        | 1 2 3 4 5 6 7 |  7.0
Fighting       | 4 5 6 |  6.0
Maces & Flails | 3 4 5 7 |  7.6
Armour         | 4 5 6 |  6.7
Spellcasting   | 1 2 4 5 |  5.5
Summonings     | 1 2 4 |  4.5
Dodging        | 1 2 |  2.5
Shields        | 4 5 |  5.1
Ice Magic      | 1 2 4 5 |  5.1
Evocations     | 1 2 |  2.4
Conjurations   | 2 |  2.7
Transmutations | 1 2 |  2.4
Throwing       | 1 |  1.0
Poison Magic   | 1 |  1.9

Action                     |  1- 3 |  4- 6 |  7- 9 | 10-12 || total
---------------------------+-------+-------+-------+-------++-------
  Melee: Flail             |    79 |   165 |       |       ||   244
         Mace              |       |     4 |   261 |   153 ||   418
  Throw: Boomerang         |       |       |     8 |     6 ||    14
         Dart              |       |       |       |     5 ||     5
   Cast: Frozen Ramparts   |       |       |     3 |    20 ||    23
         Call Imp          |       |       |     2 |    13 ||    15
         Wereblood         |       |       |       |     3 ||     3
  Evoke: Wand              |       |       |     4 |     3 ||     7
    Use: Potion            |     2 |     1 |     4 |     5 ||    12
         Scroll            |     2 |     4 |     4 |     5 ||    15
   Stab: Distracted        |       |       |     3 |     2 ||     5
         Sleeping          |       |       |     3 |       ||     3
 Armour: Scale mail        |    70 |   143 |   155 |   224 ||   592
  Dodge: Dodged            |    49 |    89 |    92 |    73 ||   303
  Block: Buckler           |    21 |    42 |    56 |    39 ||   158

Table legend: (Time is in decaauts)
 A = Elapsed time spent in this place.
 B = Non-inter-level travel time spent in this place.
 C = Inter-level travel time spent in this place.
 D = Time resting spent in this place.
 E = Time spent auto-exploring this place.
 F = Levels seen in this place.
 G = Mean time per level.
                   A        B        C        D        E       F      G
               +--------+--------+--------+--------+--------+-----+--------+
         Total |   9339 |   8620 |    719 |    376 |   6078 |  12 |  778.2 |
       Dungeon |   8855 |   8136 |    719 |    304 |   6003 |  10 |  885.5 |
        Temple |      1 |      1 |      0 |      0 |      0 |   1 |    1.0 |
        Bailey |    482 |    482 |      0 |     72 |     75 |   1 |  482.0 |
               +--------+--------+--------+--------+--------+-----+--------+

Top non-repeatable levels by time:
     D:1: 1298 daAuts
     D:8: 1274 daAuts
     D:5: 1035 daAuts
     D:9: 1013 daAuts
     D:3: 948 daAuts
     D:7: 863 daAuts
     D:4: 832 daAuts
     D:6: 739 daAuts
  Bailey: 482 daAuts
    D:10: 432 daAuts
     D:2: 417 daAuts
  Temple: 1 daAuts
